AoeStats
← Price174

Arena

510819190Analyzed
2v2 RM · 1d ago on Oct 2, 2026· 45m 46s· 4 players
Game mode
Random Map
Map size
Medium (4 player)
Population
200
Speed
Normal
Resources
Standard
Victory
Conquest
Starting age
Dark Age
Ending age
Imperial Age
RankedLock teamsTeams togetherTeam positionsShared explorationLock speedFull tech treeHidden civsTurbo modeCheats
Victory
Defeat
🇹🇷 Portuguese · Türkiye
867
+12
🇹🇷 Cumans · Türkiye
840
+13
🇨🇿 Goths · Czechia
837
-16
🇨🇿 Bohemians · Czechia
696
-10
Tomikk
11:34 Feudal Age
12:17 Double-Bit Axe
13:54 Horse Collar
18:43 Castle Age
20:19 Wheelbarrow
20:24 Heavy Plow
21:37 Gold Mining
21:37 Stone Mining
24:19 Hand Cart
23:49 Town Watch
23:50 Loom
28:48 Bow Saw
29:17 Stone Shaft Mining
29:59 Town Patrol
35:20 Imperial Age
33:32 Forging
33:12 Fletching
33:23 Padded Archer Armor
33:23 Scale Mail Armor
33:29 Scale Barding Armor
34:38 Man-at-Arms
35:46 Ballistics
35:17 Heated Shot
35:23 Murder Holes
35:46 Bodkin Arrow
36:06 Leather Archer Armor
36:27 Iron Casting
35:17 Long Swordsman
35:20 Pikeman
36:01 Squires
36:46 Crop Rotation
37:19 Two-Man Saw
36:27 Anarchy
36:28 Perfusion
36:50 Conscription
37:07 Chain Mail Armor
37:02 Halberdier
37:04 Two-Handed Swordsman
37:33 Champion
38:07 Treadmill Crane
39:29 Chemistry
40:27 Elite Huskarl
40:55 Sappers
41:23 Light Cavalry
42:14 Bloodlines
43:36 Blast Furnace
43:45 Hussar
Price174
4:51 Loom
11:00 Feudal Age
14:21 Double-Bit Axe
18:09 Castle Age
18:21 Horse Collar
23:05 Bow Saw
27:20 Wheelbarrow
26:31 Town Watch
28:25 Chemistry
28:06 Fortified Wall
28:23 Squires
27:44 Pikeman
35:18 Imperial Age
33:15 Heavy Plow
35:00 Murder Holes
35:16 Masonry
35:10 Scale Mail Armor
35:10 Padded Archer Armor
35:01 Fletching
37:00 Hand Cart
36:47 Town Patrol
37:30 Elite Skirmisher
38:40 Leather Archer Armor
38:21 Bodkin Arrow
38:42 Chain Mail Armor
38:37 Forging
37:54 Elite Hussite Wagon
41:12 Halberdier
42:27 Plate Mail Armor
42:33 Iron Casting
42:57 Ballistics
Nekokaburi
10:52 Feudal Age
18:07 Castle Age
17:05 Stone Mining
17:10 Gold Mining
17:54 Double-Bit Axe
19:02 Horse Collar
20:50 Wheelbarrow
20:01 Town Watch
22:02 Bow Saw
24:16 Hand Cart
28:36 Ballistics
28:12 Murder Holes
27:59 Treadmill Crane
28:35 Heavy Plow
30:35 Stone Shaft Mining
33:08 Imperial Age
32:09 Town Patrol
34:57 Two-Man Saw
34:59 Conscription
36:11 Chemistry
36:34 Crop Rotation
37:30 Caravan
36:59 Elite Organ Gun
38:27 Bombard Tower
40:38 Arquebus
magadostdost
12:10 Feudal Age
13:30 Double-Bit Axe
14:23 Wheelbarrow
14:37 Horse Collar
15:02 Man-at-Arms
15:28 Arson
16:07 Scale Mail Armor
22:23 Castle Age
20:53 Gold Mining
21:51 Scale Barding Armor
23:21 Bloodlines
23:34 Hand Cart
23:36 Heavy Plow
23:45 Squires
24:45 Bow Saw
24:00 Long Swordsman
25:55 Chain Mail Armor
26:29 Gold Shaft Mining
25:47 Stone Mining
25:27 Capped Ram
26:24 Loom
30:53 Imperial Age
28:56 Chain Barding Armor
31:04 Elite Steppe Lancer
33:20 Two-Man Saw
33:10 Plate Barding Armor
33:16 Crop Rotation
32:37 Two-Handed Swordsman
34:04 Plate Mail Armor
34:25 Champion
38:30 Siege Ram
Connection lost

Rejoining the realm…

Still unreachable

The connection could not be restored.

Session expired

The server has moved on; the page needs a fresh start.